AoeStats
← Omega

Arena

510078344Analyzed
3v3 RM · 3d ago on Sep 29, 2026· 42m 40s· 6 players
Game mode
Random Map
Map size
Normal (6 player)
Population
200
Speed
Normal
Resources
Standard
Victory
Conquest
Starting age
Dark Age
Ending age
Imperial Age
RankedLock teamsTeams togetherTeam positionsShared explorationLock speedFull tech treeHidden civsTurbo modeCheats
Victory
Defeat
🇮🇹 Cumans · Italy
1179
+12
🇮🇹 Magyars · Italy
1097
+15
🇮🇹 Danes · Italy
1026
+19
🇫🇮 Danes · Finland
1092
-16
🇨🇳 Mongols · China
1082
-15
🇮🇳 Khitans · India
1077
-15
王哪跑
10:20 Feudal Age
11:24 Double-Bit Axe
14:53 Castle Age
12:56 Horse Collar
21:46 Bow Saw
23:03 Heavy Plow
24:13 Wheelbarrow
25:50 Hand Cart
30:01 Imperial Age
28:09 Forging
27:51 Fletching
28:07 Scale Barding Armor
28:03 Stone Mining
28:04 Gold Mining
30:32 Iron Casting
29:54 Bodkin Arrow
30:38 Nomads
30:05 Elite Mangudai
31:34 Gold Shaft Mining
31:36 Stone Shaft Mining
32:35 Blast Furnace
31:57 Chain Barding Armor
32:23 Drill
35:03 Chemistry
34:24 Ballistics
34:03 Murder Holes
34:13 Siege Engineers
34:12 Bracer
38:09 Capped Ram
39:04 Siege Ram
42:17 Siege Ram
Faceless
2:51 Loom
10:46 Feudal Age
16:14 Castle Age
14:09 Double-Bit Axe
14:05 Horse Collar
15:54 Wheelbarrow
22:11 Scale Mail Armor
22:34 Squires
22:23 Arson
22:39 Squires
26:04 Chain Mail Armor
29:24 Hand Cart
28:34 Pikeman
31:46 Imperial Age
29:47 Fletching
30:42 Bow Saw
30:36 Heavy Plow
31:55 Gambesons
33:02 Masonry
32:45 Town Watch
34:23 Conscription
33:25 Elite Varangian Guard
33:46 Hamask
34:58 Plate Mail Armor
34:39 Forging
34:25 Bodkin Arrow
34:31 Padded Archer Armor
35:32 Hoardings
34:34 Halberdier
35:06 Hamask
36:38 Ballistics
36:02 Heavy Scorpion
41:01 Iron Casting
41:00 Bracer
41:15 Leather Archer Armor
40:44 Capped Ram
42:09 Siege Engineers
43:08 Chemistry
42:46 Hoardings
41:44 Siege Ram
41:49 Elite Skirmisher
42:09 Man-at-Arms
ektum_inside
0:48 Loom
10:55 Feudal Age
11:45 Double-Bit Axe
11:48 Domestication
18:18 Castle Age
16:38 Stone Mining
16:40 Gold Mining
17:42 Fletching
23:48 Town Watch
24:38 Wheelbarrow
24:15 Bow Saw
24:33 Squires
24:20 Arson
24:59 Bodkin Arrow
25:05 Scale Mail Armor
25:15 Forging
26:07 Pastoralism
26:44 Stone Shaft Mining
27:00 Murder Holes
26:45 Pikeman
28:57 Treadmill Crane
32:29 Imperial Age
31:30 Ballistics
32:22 Chain Mail Armor
31:32 Elite Skirmisher
33:11 Lamellar Armor
33:19 Forging
33:25 Padded Archer Armor
34:15 Conscription
35:06 Two-Man Saw
34:33 Masonry
35:28 Fortified Wall
36:20 Chemistry
37:01 Thumb Ring
39:24 Plate Mail Armor
39:16 Hand Cart
41:13 Elite Liao Dao
Angrboda1651
10:44 Feudal Age
14:28 Castle Age
12:25 Double-Bit Axe
12:46 Horse Collar
15:36 Bow Saw
21:19 Gold Mining
22:19 Heavy Plow
23:16 Wheelbarrow
22:26 Loom
28:27 Imperial Age
26:34 Fletching
27:04 Padded Archer Armor
27:16 Bodkin Arrow
29:23 Hand Cart
30:55 Gold Shaft Mining
31:08 Thumb Ring
31:05 Bracer
31:20 Leather Archer Armor
32:44 Masonry
32:56 Leather Archer Armor
33:03 Ballistics
33:43 Chemistry
32:58 Husbandry
33:09 Bloodlines
33:06 Scale Barding Armor
33:14 Elite Skirmisher
34:56 Parthian Tactics
33:51 Heavy Cavalry Archer
35:55 Recurve Bow
35:49 Light Cavalry
37:11 Ring Archer Armor
37:01 Chain Barding Armor
36:50 Siege Engineers
37:46 Chemistry
41:03 Plate Barding Armor
41:36 Murder Holes
Omega
9:05 Feudal Age
10:08 Double-Bit Axe
11:23 Horse Collar
12:56 Gold Mining
21:20 Castle Age
20:19 Forging
20:15 Scale Barding Armor
20:22 Bloodlines
24:13 Wheelbarrow
23:47 Heavy Plow
24:01 Bow Saw
24:43 Iron Casting
25:36 Chain Barding Armor
27:50 Stone Mining
28:36 Gold Shaft Mining
33:05 Imperial Age
32:00 Hand Cart
33:16 Fletching
33:26 Padded Archer Armor
33:51 Ballistics
33:17 Elite Steppe Lancer
35:27 Blast Furnace
35:03 Plate Barding Armor
34:54 Conscription
34:35 Steppe Husbandry
35:01 Light Cavalry
35:40 Bodkin Arrow
38:30 Cuman Mercenaries
37:54 Elite Kipchak
38:53 Leather Archer Armor
41:43 Ring Archer Armor
Ottone il Grande
11:51 Feudal Age
15:54 Castle Age
14:42 Loom
14:46 Double-Bit Axe
14:55 Gold Mining
14:48 Horse Collar
16:55 Heavy Plow
30:56 Imperial Age
30:37 Wheelbarrow
29:48 Town Watch
30:17 Bow Saw
30:55 Scale Mail Armor
31:06 Forging
30:50 Fletching
31:01 Padded Archer Armor
30:57 Arson
31:13 Squires
30:58 Gambesons
32:49 Chain Mail Armor
33:10 Iron Casting
32:51 Elite Varangian Guard
36:16 Plate Mail Armor
39:36 Conscription
Connection lost

Rejoining the realm…

Still unreachable

The connection could not be restored.

Session expired

The server has moved on; the page needs a fresh start.